 Dungeon Crawl Stone Soup version 0.30-b1-2-g02819fbbbe (webtiles) character file.

Game seed: 18281505301201968752

217 Flibulle the Grasshopper (level 5, -2/43 HPs)
             Began as an Armataur Warper on July 14, 2023.
             Succumbed to a scorpion's poison
             ... on level 3 of the Dungeon.
             The game lasted 00:22:41 (3302 turns).

Flibulle the Grasshopper (Armataur Warper)          Turns: 3302, Time: 00:22:42

Health: -2/43      AC:  7    Str: 18    XL:     5   Next: 62%
Magic:  16/16      EV:  9    Int: 13    God:
Gold:   182        SH:  0    Dex: 10    Spells: 2/7 levels left

rFire   + . .        a - +0 mace
rCold   + . .        p - orb {*channel}
rNeg    . . .        B - +0 ring mail
rPois   .            x - +0 helmet
rElec   .            h - scarf {rC+ rF+}
rCorr   .            (no gloves)
SInv    .            (no barding)
Will    +....        (no amulet) Stlth
                     e - ring of magical power
HPRegen 0.27/turn    r - ring of willpower
MPRegen 0.15/turn

%: roll, channel magic (20%)
@: lethally poisoned (-2 -> -14)
A: large, rugged brown scales 3, deformed body, armoured tail, roll, long
tongue, awkward tongue
a: no special abilities


You were on level 3 of the Dungeon.
You visited 1 branch of the dungeon, and saw 4 of its levels.

You collected 182 gold pieces.

Inventory:

Hand Weapons
 a - a +0 mace (weapon)
 m - a +0 sling
Missiles
 d - 7 boomerangs of dispersal (quivered)
 o - 4 javelins
 u - 16 stones
Armour
 b - a +0 leather armour
 h - a scarf of resistance (worn)
 l - a +0 plate armour
 p - an orb of energy (worn)
 s - a +0 leather armour
 w - a +0 plate armour
 x - a +0 helmet (worn)
 B - a +0 ring mail (worn)
Jewellery
 e - a ring of magical power (left hand)
 r - a ring of willpower (right hand)
Wands
 v - a wand of paralysis (11)
Scrolls
 c - 2 scrolls of blinking
 f - 4 scrolls of teleportation {unknown}
 g - 2 scrolls of immolation {unknown}
 i - 3 scrolls of fear {unknown}
 q - a scroll of brand weapon {unknown}
 y - a scroll of identify {unknown}
Potions
 k - a potion of haste
 t - a potion of brilliance {unknown}
 z - a potion of invisibility {unknown}
 A - a potion of curing {unknown}


   Skills:
 - Level 1.7 Fighting
 * Level 3.7 Maces & Flails
 - Level 0.8 Throwing
 + Level 3.0 Armour
 + Level 2.3 Dodging
 - Level 1.7 Spellcasting
 + Level 3.9 Translocations


You had 2 spell levels left.
You knew the following spells:

 Your Spells              Type           Power      Damage    Failure   Level
a - Blink                 Tloc           22%        N/A       32%         2
b - Teleport Other        Tloc           11%        N/A       47%         3

Your spell library contained the following spells:

 Spells                   Type           Power      Damage    Failure   Level
 Lesser Beckoning         Tloc           22%        N/A       32%         2
 Freeze                   Ice            4%         1d3       63%         1
 Vhi's Electric Charge    Tloc/Air       12%        N/A       73%         3
 Manifold Assault         Tloc           11%        N/A       83%         4
 Frozen Ramparts          Ice            2%         1d1       92%         3
 Hailstorm                Conj/Ice       1%         3d3       92%         3


Dungeon Overview and Level Annotations

Branches:
Dungeon (4/15)
 Temple: D:4-7

Altars:
Elyvilon
Okawaru
The Shining One


Innate Abilities, Weirdness & Mutations

You are completely covered in rugged brown scales. (AC +3, +7% HP)
Armour fits poorly on your strangely shaped body.
You have a long armoured tail.
You roll when moving toward enemies. (Rampage)
Your long tongue fully drains potion bottles. (2x potion effects)
Your tongue gives you trouble enunciating. (1.5x scroll delay)


Message History

The scorpion stings you but does no damage.
The scorpion closely misses you.
You barely miss the scorpion.
Your tail-slap misses the scorpion.
The scorpion is moderately wounded.
You feel sick.
You are no longer poisoned.
The scorpion stings you.
Cast which spell? (? or * to list)
You miscast Blink.
You are very lightly contaminated with residual magic.
Nothing appears to happen.
Magical energy flows into your mind! The scorpion stings you.
* * * LOW HITPOINT WARNING * * *
The scorpion closely misses you.
You hit the scorpion but do no damage.
The scorpion is moderately wounded.
The scorpion barely misses you.
Casting: Blink (dangerous; 32% risk of failure)
Confirm with . or Enter, or press ? or * to list all spells.
You blink.
Magical energy flows into your mind!
You feel stable enough to blink again.
Your magical contamination has completely faded away.
There is an open door here.
Items here: ))) [[.
The scorpion attacks as you move away! The scorpion stings you.
You are poisoned.
The scorpion poisons you!
You feel very sick. The scorpion stings you.
* * * LOW HITPOINT WARNING * * *
You are lethally poisoned!
The scorpion poisons you!
* * * LOW HITPOINT WARNING * * *
You feel very sick.
There is a stone staircase leading up here.
* * * LOW HITPOINT WARNING * * *
You feel very sick.
The scorpion stings you but does no damage.
You climb upwards.
You die...

#######.......###
#.......<...##############
#.########..# #..........
#.# ##..####.######### #.#
#........# #.###
#.#####..### ####
#...#####.####.....####...
#.#.....s.#.............##
#...#####@#..<............
#.^## #.#........##...#.
#..# #....[.....##.....
#..# ##.......####..##.
#..#######..####.# #..##.
#...........# #.# #..##.
##.#######.## #.# #..##.
#.# #.# #.# #..##. #.####
#.#####.####..##.


You could see a scorpion.

Vanquished Creatures
  A scorpion (D:4)
  An orc priest (D:4)
  A sleepcap (D:4)
  An iguana (D:4)
  An adder (D:3)
  A worm (D:2)
  2 dart slugs (D:2)
  4 orcs (D:4)
  5 endoplasms
  3 giant cockroaches
  4 goblins (D:1)
  3 hobgoblins
  4 jackals (D:3)
  2 kobolds
  2 quokkas
  9 ball pythons
  5 bats
  3 frilled lizards
  7 rats
59 creatures vanquished.

Notes
Turn   | Place    | Note
-------+----------+-------------------------------------------
     0 | D:1      | Flibulle the Armataur Warper began the quest for the Orb.
     0 | D:1      | Reached XP level 1. HP: 18/18 MP: 3/3
   391 | D:1      | Reached XP level 2. HP: 25/25 MP: 4/4
   398 | D:1      | Learned a level 2 spell: Blink
  1217 | D:2      | Reached XP level 3. HP: 27/31 MP: 5/5
  1575 | D:2      | Found a faded altar of an unknown god.
  1893 | D:2      | Found a white marble altar of Elyvilon.
  1986 | D:3      | Learned a level 3 spell: Teleport Other
  2506 | D:3      | Found an iron altar of Okawaru.
  2637 | D:3      | Reached XP level 4. HP: 25/38 MP: 6/6
  2959 | D:4      | Found a glowing golden altar of the Shining One.
  2977 | D:4      | Noticed a kobold brigand
  2977 | D:4      | Noticed a scorpion
  3035 | D:4      | Killed a scorpion
  3036 | D:4      | Reached XP level 5. HP: 6/43 MP: 7/7
  3302 | D:3      | Succumbed to a scorpion's poison

Illustrated notes

Levels and vault maps discovered:
D:1:      dpeg_arrival_rooms_c, layout_basic, serial_co_window_serial,
          co_window_corner_a, co_window_corner_a, co_window_corner_a,
          co_window_corner_a, co_window_corner_a, co_window_broadway_a,
          co_window_corner_cb, co_window_broadway_b, co_window_unsneaky_path_c,
          co_window_2corner, co_window_corner_b, glass_columns_c,
          glass_columns_b
D:2:      layout_loops_ring, nicolae_ecumenical_snake_handling, basic_altar,
          columned_hall_lemuel, minmay_misc_feat_room, grunt_ministairs_3
D:3:      layout_loops_ring, mainiacjoe_overflow_cross_hatched,
          minmay_fractal_squares_5
D:4:      layout_basic, tso_metal_star, gammafunk_ghost_mausoleum,
          minmay_divided_ellipse

Skill      XL: |  1  2  3  4  5 |
---------------+----------------+-----
Maces & Flails | 2 3 |  3.7
Armour         | 2 3 |  3.0
Dodging        | 2 |  2.3
Fighting       | |  1.7
Throwing       | |  0.8
Spellcasting   | |  1.7
Translocations | |  3.9

Action                     |  1- 3 |  4- 6 || total
---------------------------+-------+-------++-------
  Melee: Mace              |   146 |    58 ||   204
         Tailslap          |    12 |     6 ||    18
         Punch             |     1 |       ||     1
   Cast: Blink             |       |     1 ||     1
    Use: Potion            |       |     3 ||     3
 Armour: Leather armour    |    45 |     1 ||    46
         Ring mail         |       |    20 ||    20
         Skin              |       |     1 ||     1
  Dodge: Dodged            |    59 |    26 ||    85
